 Dungeon Crawl Stone Soup version 0.32-a0-141-g04fe69798e (webtiles) character file.

Game seed: 13613026378956042417

1834 Muffindrake the Digger (level 8, -1/66 HPs)
             Began as a Pale Draconian Earth Elementalist on Feb 11, 2024.
             Succumbed to a kobold brigand's poison
             ... while paralysed by Maurice
             ... on level 7 of the Dungeon.
             The game lasted 00:19:44 (5466 turns).

Muffindrake the Digger (DrEE)                       Turns: 5466, Time: 00:19:45

Health: -1/66      AC:  6    Str: 12    XL:     8   Next: 87%
Magic:  1/15       EV:  2    Int: 17    God:
Gold:   156        SH:  0    Dex: 11    Spells: 5/16 levels left

rFire   . . .        p - +1 dagger (distort)
rCold   x . .        x - +1 buckler of Reasonable Wonder {Harm rElec rC- rCorr}
rNeg    . . .        (body armour unavailable)
rPois   .            (helmet restricted)
rElec   +            (no cloak)
rCorr   +            (no gloves)
SInv    .            (no boots)
Will    .....        q - amulet of reflection
Stlth   ++           f - ring of wizardry
HPRegen 0.31/turn    (no ring)
MPRegen 0.14/turn

%: harm (+30% outgoing, +20% incoming), reflection, wizardry (x1)
@: paralysed, lethally poisoned (-1 -> -15), short of breath
A: breathe steam, AC +6, unfitting armour, cold-blooded, steam resistance, fangs
1, wild magic 1
a: Breathe Steam


You were on level 7 of the Dungeon.
You visited 1 branch of the dungeon, and saw 8 of its levels.

You collected 327 gold pieces.
You spent 171 gold pieces at shops.

Inventory:

Hand Weapons
 p - a +1 dagger of distortion (weapon)
Missiles
 v - 4 javelins
Armour
 x - the +1 buckler of Reasonable Wonder (worn) {Harm rElec rC- rCorr}
   (You bought it in a shop on level 5 of the Dungeon)

   rC-:       It makes you vulnerable to cold.
   rElec:     It insulates you from electricity.
   rCorr:     It protects you from acid and corrosion.
   Harm:      It increases damage dealt and taken.
Magical Staves
 y - a staff of cold
Jewellery
 f - a ring of wizardry (left hand)
 q - an amulet of reflection (around neck)
Scrolls
 a - a scroll of amnesia
 b - a scroll of fear
 c - 2 scrolls of silence
 g - a scroll of blinking
 h - 2 scrolls of immolation
 j - 2 scrolls of teleportation
 m - a scroll of torment {unknown}
 o - a scroll of brand weapon {unknown}
 s - a scroll of enchant armour {unknown}
 t - a scroll of revelation {unknown}
 w - a scroll of noise {unknown}
 A - a scroll of acquirement {unknown}
Potions
 d - 2 potions of haste {unknown}
 e - a potion of resistance {unknown}
 i - 2 potions of mutation
 k - a potion of ambrosia {unknown}
 l - a potion of brilliance {unknown}
 n - 3 potions of curing {unknown}
 r - 2 potions of attraction {unknown}
 u - a potion of berserk rage {unknown}
 z - a potion of enlightenment {unknown}
 B - a potion of invisibility {unknown}


   Skills:
 - Level 4.0 Fighting
 + Level 2.9 Short Blades
 - Level 2.0 Dodging
 - Level 2.0 Stealth
 + Level 4.7 Spellcasting
 - Level 1.0 Conjurations
 + Level 2.5 Hexes
 + Level 2.9 Fire Magic
 * Level 7.4 Earth Magic
 + Level 3.9 Alchemy


You had 5 spell levels left.
You knew the following spells:

 Your Spells              Type           Power      Damage    Failure   Level
a - Sandblast             Erth           76%        2d16      1%          1
b - Passwall              Erth           38%        N/A       2%          3
c - Petrify               Alch/Erth      30%        N/A       12%         4
d - Inner Flame           Hex/Fire       17%        N/A       12%         3

Your spell library contained the following spells:

 Spells                   Type           Power      Damage    Failure   Level
 Stone Arrow              Conj/Erth      46%        3d9       7%          3
 Shock                    Conj/Air       28%        1d4       10%         1
 Brom's Barrelling Bould  Conj/Erth      23%        2d4       21%         4
 Hailstorm                Conj/Ice       7%         3d5       26%         3
 Sticky Flame             Fire/Alch      20%        2d6       26%         4
 Summon Ice Beast         Ice/Summ       5%         N/A       32%         3
 Swiftness                Air            5%         N/A       32%         3
 Flame Wave               Conj/Fire      14%        2d6       41%         4
 Airstrike                Air            2%         2d(1-17)  67%         4
 Sculpt Simulacrum        Ice/Alch       7%         N/A       99%         6


Dungeon Overview and Level Annotations

Branches:
Dungeon (8/15)               Lair (0/5) D:8
 Temple: D:4-7

Altars:
Ashenzari
Dithmenos
Ru
Vehumet

Shops:
D:5 [

Annotations:
D:3 2 transporters, ssldvbfs's ghost, amateur MiFi
D:7 1 runed translucent door, Crazy Yiuf; Maurice


Innate Abilities, Weirdness & Mutations

You can breathe blasts of scalding, opaque steam.
Your pale cyan-grey scales are hard. (AC +6)
You cannot fit into any form of body armour.
You are cold-blooded and may be slowed by cold attacks.
You are immune to the effects of steam.
You have very sharp teeth.
Your spells are a little harder to cast, but a little more powerful.


Message History

You exhale a blast of scalding steam.
The ball of steam misses the shadow imp.
The shadow imp is engulfed in a cloud of scalding steam.
The shadow imp hits you but does no damage.
The shadow imp is engulfed in a cloud of scalding steam.
You block the shadow imp's attack.
Maurice is engulfed in a cloud of scalding steam.
The shadow imp is engulfed in a cloud of scalding steam.
The shadow imp gestures at you. Pain shoots through your body!
* * * LOW HITPOINT WARNING * * *
Maurice says, "Have you got some gold to spare?"
Maurice casts a spell.
Maurice flickers and vanishes!
Deactivating autopickup; reactivate with Ctrl-A.
Unknown command.
You hit the shadow imp.
You kill the shadow imp!
You hit the kobold brigand but do no damage.
Your bite misses the kobold brigand.
The kobold brigand is almost dead.
You hit the kobold brigand but do no damage.
The kobold brigand is almost dead.
The kobold brigand blinks!
The kobold brigand throws a poisoned dart.
The poisoned dart hits you!
You are poisoned.
You hear a zap.
You suddenly lose the ability to move!
You feel very sick.
You hear a zap.
Something tries to affect you, but you resist.
You feel sick.
The kobold brigand throws a poisoned dart.
The poisoned dart hits you!
You are lethally poisoned!
You hear a bow twang.
An arrow appears from out of thin air!
The arrow hits you!
* * * LOW HITPOINT WARNING * * *
You die...

#.โ‰ˆโ‰ˆโ‰ˆ.##.# #.....##>#
############
########.###...........
#......######### ####
#######..# ... #.....#..#
#.. #K###.#..## ### #
##.###.# #.#...## ##.#
...#....#@# #......####...
._...)#)#ยง###.......#.....
#..))){............#..#
##)######........#.#### #.
#............# ..
#.##...####### ##
#.###.##...#.## #.#
####....<.. #.# #...#...


You could see a kobold brigand.

Vanquished Creatures
  Prince Ribbit (D:7)
  Sigmund (D:2)
  Menkaure (D:7)
  An acid dragon (D:7)
  An orc warrior (D:7)
  An ogre (D:5)
  A phantom (D:4)
  A kobold brigand (D:7)
  2 scorpions
  A bombardier beetle (D:4)
  A jelly (D:5)
  An orc priest (D:7)
  2 sleepcaps
  3 iguanas
  Natasha (D:1)
  4 orc wizards
  3 gnolls (D:5)
  4 adders
  A shadow imp (D:7)
  A white imp (D:7)
  2 ribbon worms
  A dart slug (D:3)
  17 orcs
  6 bats
  4 endoplasms
  6 giant cockroaches
  11 goblins
  6 hobgoblins
  2 jackals (D:2)
  4 quokkas
  3 ball pythons
  5 frilled lizards
  19 kobolds
  4 rats
122 creatures vanquished.

Notes
Turn   | Place    | Note
-------+----------+-------------------------------------------
     0 | D:1      | Muffindrake the Draconian Earth Elementalist began the
                  | quest for the Orb.
     0 | D:1      | Reached XP level 1. HP: 14/14 MP: 3/3
   179 | D:1      | Reached XP level 2. HP: 18/20 MP: 5/5
   360 | D:1      | Found a faded altar of an unknown god.
   677 | D:2      | Noticed Sigmund
   855 | D:2      | Reached XP level 3. HP: 24/26 MP: 1/6
   858 | D:2      | Reached skill level 4 in Earth Magic
   962 | D:2      | Learned a level 3 spell: Passwall
   992 | D:2      | Noticed Natasha
  1036 | D:1      | Killed Natasha
  1317 | D:2      | Reached XP level 4. HP: 33/33 MP: 6/8
  1335 | D:2      | Learned a level 4 spell: Petrify
  1657 | D:2      | Killed Sigmund
  1658 | D:2      | Reached skill level 5 in Earth Magic
  1658 | D:2      | Reached skill level 1 in Alchemy
  1658 | D:2      | Reached XP level 5. HP: 31/38 MP: 2/10
  2288 | D:3      | Found a transporter.
  2289 | D:3      | Noticed ssldvbfs's ghost (amateur MiFi)
  2318 | D:3      | Found a transporter.
  2691 | D:3      | Found a sacrificial altar of Ru.
  2714 | D:3      | Reached XP level 6. HP: 40/45 MP: 11/11
  3271 | D:4      | Learned a level 3 spell: Inner Flame
  3347 | D:4      | Reached skill level 6 in Earth Magic
  3802 | D:4      | Reached skill level 1 in Fighting
  3802 | D:4      | Your scales start taking on a pale cyan-grey colour.
  3802 | D:4      | Reached XP level 7. HP: 49/52 MP: 12/12
  3802 | D:4      | Gained mutation: You are immune to the effects of steam.
                  | [Pale Draconian growth]
  3860 | D:5      | Entered Level 5 of the Dungeon
  3996 | D:5      | Found a broken altar of Ashenzari.
  4041 | D:5      | Reached skill level 1 in Short Blades
  4053 | D:5      | Reached skill level 1 in Hexes
  4053 | D:5      | Reached skill level 1 in Fire Magic
  4312 | D:5      | Found Usatu's Antique Armour Shoppe.
  4347 | D:5      | Bought a twisted buckler for 171 gold pieces
  4347 | D:5      | Identified the +1 buckler of Reasonable Wonder {Harm rElec
                  | rC- rCorr} (You bought it in a shop on level 5 of the
                  | Dungeon)
  4776 | D:6      | You fall into a shaft and drop 2 floors!
  4779 | D:8      | Noticed a wyvern
  4784 | D:8      | Banished a wyvern
  4785 | D:8      | Reached XP level 8. HP: 63/63 MP: 9/14
  4833 | D:8      | Found a staircase to the Lair.
  4946 | D:7      | Noticed Prince Ribbit
  4955 | D:7      | Killed Prince Ribbit
  4957 | D:7      | Reached skill level 7 in Earth Magic
  5275 | D:7      | Noticed Menkaure
  5285 | D:7      | Killed Menkaure
  5336 | D:7      | Found a runed translucent door.
  5337 | D:7      | Noticed Crazy Yiuf
  5370 | D:7      | Found a shadowy altar of Dithmenos.
  5433 | D:7      | Found a radiant altar of Vehumet.
  5433 | D:7      | Noticed Maurice
  5450 | D:7      | Maurice stole 5 javelins
  5455 | D:7      | Gained mutation: Your spells are a little harder to cast,
                  | but a little more powerful. [potion of mutation]
  5455 | D:7      | Gained mutation: You have very sharp teeth. [potion of
                  | mutation]
  5463 | D:7      | Paralysed by something for 4 turns
  5465 | D:7      | HP: 1/66 [something (8)]
  5466 | D:7      | Succumbed to a kobold brigand's poison

Illustrated notes

Levels and vault maps discovered:
D:1:      elethiomel_arrival_quiet, layout_rooms, ebering_ecumenical_altar_webs
D:2:      layout_basic, uniq_sigmund, uniq_natasha
D:3:      layout_loops_cross, nicolae_ru_great_annihilating_truth,
          gammafunk_ghost_stat_death
D:4:      layout_loops_ring, minmay_goblin_outpost
D:5:      layout_basic, mainiacjoe_overflow_alcove_1, corexii_leaking_fountain,
          nicolae_stop_n_shop_1, dreamdust_princess_corridor,
          chequers_mini_garden, hangedman_decor_riveting,
          minmay_misc_feat_encased
D:6:      layout_basic, grunt_qazlal_clouds, zin_scriptorium,
          minmay_temple_entry_statues_fountains, serial_shops,
          nicolae_shop_hallway_stairs, shop, nicolae_shop_crystal, shop,
          nicolae_ossuary_entry_false_entrances, uniq_jeremiah, uniq_maggie,
          uniq_grinder
D:7:      layout_loops_ring, vehumet_crystals,
          regret_index_kikubaaqudgha_part_by_part, mainiacjoe_overflow_alcove_4,
          uniq_maurice, uniq_menkaure, uniq_crazy_yiuf_cottage,
          uniq_prince_ribbit1
D:8:      layout_loops_cross, mainiacjoe_overflow_divided_tiny,
          serial_park_tiny_1

Skill      XL: |  1  2  3  4  5  6  7  8 |
---------------+-------------------------+-----
Earth Magic    | 4 5 6 7 |  7.4
Spellcasting   | 3 4 |  4.7
Alchemy        | 1 2 3 |  3.9
Fighting       | 1 3 4 |  4.0
Stealth        | 2 |  2.0
Dodging        | 2 |  2.0
Short Blades   | 1 2 |  2.9
Hexes          | 1 2 |  2.5
Fire Magic     | 1 2 |  2.9
Conjurations   | |  1.0

Action                     |  1- 3 |  4- 6 |  7- 9 || total
---------------------------+-------+-------+-------++-------
  Melee: Unarmed           |    16 |       |       ||    16
         Dagger            |    24 |   152 |    90 ||   266
         Tailslap          |     6 |    25 |     8 ||    39
         Punch             |     1 |     5 |     3 ||     9
   Cast: Sandblast         |    39 |    30 |    16 ||    85
         Petrify           |       |    10 |    12 ||    22
Ability: Breathe Steam     |       |       |     3 ||     3
    Use: Potion            |     1 |     1 |     2 ||     4
         Scroll            |       |     4 |     2 ||     6
   Stab: Sleeping          |     1 |     3 |       ||     4
         Petrified         |       |    25 |     9 ||    34
         Paralysed         |       |     1 |       ||     1
         Petrifying        |       |       |     1 ||     1
 Armour: Skin              |    40 |    64 |    65 ||   169
  Dodge: Dodged            |    46 |    87 |    38 ||   171
  Block: Other             |       |     7 |     5 ||    12
         Reflection        |       |     1 |     6 ||     7
         Buckler           |       |       |    23 ||    23

Table legend: (Time is in decaauts)
 A = Elapsed time spent in this place.
 B = Non-inter-level travel time spent in this place.
 C = Inter-level travel time spent in this place.
 D = Time resting spent in this place.
 E = Time spent auto-exploring this place.
 F = Levels seen in this place.
 G = Mean time per level.
                   A        B        C        D        E       F      G
               +--------+--------+--------+--------+--------+-----+--------+
         Total |   5502 |   5350 |    152 |    600 |   3155 |   8 |  687.8 |
       Dungeon |   5502 |   5350 |    152 |    600 |   3155 |   8 |  687.8 |
               +--------+--------+--------+--------+--------+-----+--------+

Top non-repeatable levels by time:
     D:2: 1169 daAuts
     D:1: 1001 daAuts
     D:5: 912 daAuts
     D:4: 869 daAuts
     D:3: 854 daAuts
     D:7: 555 daAuts
     D:8: 137 daAuts
     D:6: 1 daAuts
